 Dungeon Crawl Stone Soup version 0.27.1-2-g3b301248ec (webtiles) character file.

Game seed: 12398129363045908366

3934 pkoi the Grappler (level 10, -20/94 HPs)
             Began as a Troll Monk on Oct 4, 2021.
             Was an Initiate of Ru.
             Demolished by an orc knight (26 damage)
             ... in a bailey.
             The game lasted 00:10:16 (5251 turns).

pkoi the Grappler (Troll Monk)                      Turns: 5251, Time: 00:10:17

Health: -20/94     AC: 11    Str: 25    XL:     10   Next: 1%
Magic:  18/18      EV: 12    Int:  7    God:    Ru [......]
Gold:   425        SH:  0    Dex: 13    Spells: 8/9 levels left

rFire    . . .     SeeInvis .     - Unarmed
rCold    . . .     Faith    .   (no shield)
rNeg     . . .     Spirit   .   t - +0 acid dragon scales
rPois    .         Reflect  .   (helmet restricted)
rElec    .         Harm     .   f - +1 cloak
rCorr    +         Rampage  .   (gloves unavailable)
Will     .....                  (boots unavailable)
Stlth    +.........             m - amulet of magic regeneration
HPRegen  1.25/turn              o - ring of the Octopus King {MP+9 AC+1 EV+1 Str+1 Int+1 Dex+1}
MPRegen  0.41/turn              (no ring)

@: mighty
A: large, unfitting armour, claws 3, regeneration 1, shaggy fur 1, tough skin 1,
missing an eye
a: Renounce Religion


You were in a bailey.
You worshipped Ru.
Ru was noncommittal.
You visited 2 branches of the dungeon, and saw 9 of its levels.
You also visited: Bailey.

You collected 425 gold pieces.

Inventory:

Missiles
 g - 37 poisoned darts (quivered)
 n - 72 boomerangs
Armour
 f - a +1 cloak (worn)
 t - +0 acid dragon scales (worn)
Jewellery
 d - a ring of resist corrosion
 m - an amulet of magic regeneration (around neck)
 o - a ring of the Octopus King (left claw) {MP+9 AC+1 EV+1 Str+1 Int+1 Dex+1}
   (You found it on level 5 of the Dungeon)

   [ring of magical power]

   AC:        It affects your AC (+1).
   EV:        It affects your evasion (+1).
   Str:       It affects your strength (+1).
   Int:       It affects your intelligence (+1).
   Dex:       It affects your dexterity (+1).
   MP:        It affects your magic capacity (+9).
 r - a +4 ring of protection
Wands
 l - a wand of paralysis (11)
Scrolls
 a - a scroll of fog
 j - a scroll of teleportation
 k - a scroll of enchant weapon
Potions
 b - 2 potions of cancellation {unknown}
 e - 4 potions of curing
 h - 3 potions of attraction {unknown}
 i - a potion of mutation {unknown}
 q - a potion of magic {unknown}
 s - a potion of brilliance
 u - 2 potions of flight {unknown}


   Skills:
 + Level 4.9 Fighting
 + Level 4.9 Dodging
 - Level 1.0 Stealth
 * Level 12.4 Unarmed Combat


You had 8 spell levels left.
You knew the following spells:

 Your Spells              Type           Power      Damage    Failure   Level
a - Apportation           Tloc           0%         N/A       50%         1

Your spell library contained the following spells:

 Spells                   Type           Power      Damage    Failure   Level
 Pain                     Necr           0%         1d4       50%         1
 Sandblast                Erth           0%         2d4       50%         1
 Corpse Rot               Necr/Air       N/A        N/A       65%         2
 Passwall                 Tmut/Erth      0%         N/A       65%         2
 Poisonous Vapours        Pois/Air       0%         N/A       65%         2
 Sublimation of Blood     Necr           0%         N/A       65%         2
 Vampiric Draining        Necr           0%         2d6       86%         3
 Animate Dead             Necr           0%         N/A       99%         4
 Dispel Undead            Necr           0%         3d6       99%         4
 Agony                    Necr           0%         N/A       100%        5
 Alistair's Intoxication  Tmut/Pois      0%         N/A       100%        5
 Excruciating Wounds      Necr           0%         N/A       100%        5
 Freezing Cloud           Conj/Ice/Air   0%         6-21      100%        5
 Lee's Rapid Deconstruct  Erth           0%         3d5*      100%        5
 Invisibility             Hex            0%         N/A       100%        6
 Simulacrum               Ice/Necr       0%         N/A       100%        6


Dungeon Overview and Level Annotations

Branches:
Dungeon (8/15)             Temple (1/1) D:5          Bailey (1/1)
   Lair: D:8-11

Altars:
Cheibriados
Elyvilon
Fedhas
Gozag
Kikubaaqudgha
Makhleb
Nemelex Xobeh
Ru
Sif Muna
Trog
Vehumet
Wu Jian
Xom
Yredelemnul


Innate Abilities, Weirdness & Mutations

You are too large for most types of armour.
You have claws for hands.
Your natural rate of healing is unusually fast.
You are covered in fur. (AC +1)
You have tough skin. (AC +1)
You are missing an eye, making it more difficult to aim.


Message History

The orc knight is moderately wounded.
You barely miss the orc knight.
The orc knight is moderately wounded.
The orc knight closely misses you.
You miss the orc knight. You claw the orc knight!
The orc knight is heavily wounded.
You claw the orc knight!
The orc knight is severely wounded.
The orc knight hits you with a +0 war axe!!
* * * LOW HITPOINT WARNING * * *
You miss the orc knight.
The orc knight is severely wounded.
The orc knight hits you with a +0 war axe!!
* * * LOW HITPOINT WARNING * * *
Your magical contamination has completely faded away.
You claw the orc knight! Your claw misses the orc knight.
The orc knight is severely wounded.
The orc knight hits you with a +0 war axe!
* * * LOW HITPOINT WARNING * * *
Okay, then.
Unknown command.
You feel much better.
The orc knight hits you with a +0 war axe!
* * * LOW HITPOINT WARNING * * *
You closely miss the orc knight.
The orc knight is severely wounded.
You completely miss the orc knight.
The orc knight is severely wounded.
Found a phial of floods, 195 gold pieces and an ancient chain mail.
The orc warrior hits you with a +0 broad axe.
* * * LOW HITPOINT WARNING * * *
The orc knight barely misses you. The orc hits you but does no damage.
The orc warrior hits you with a +0 battleaxe!!
* * * LOW HITPOINT WARNING * * *
There is an open door, spattered with blood here.
You barely miss the orc knight.
The orc knight is severely wounded.
The orc warrior hits you but does no damage.
The orc knight hits you with a +0 war axe!!
You die...

#'###≈.≈###'#
#....≈.≈....#
#'###≈.≈###'#
#....≈.≈....#
######)######
#.).# #...#
#o..# ##@##


#ooo# gog8gg. ...#.o.#..} ######.###### ... ... .$[ You could see an orc knight,
2 orc warriors, a gnoll, 3 orcs and 3 goblins.

Vanquished Creatures
  An orc knight (Bailey)
  Joseph (D:7)
  Maggie (D:6)
  A troll (D:6)
  Prince Ribbit (D:5)
  Grinder (D:5)
  An ice beast (D:7)
  3 sky beasts
  A manticore zombie (D:7)
  2 black bears
  3 ogres
  A kobold brigand (D:7)
  A bullfrog (D:7)
  4 scorpions
  A wyvern skeleton (D:7)
  5 killer bees
  A howler monkey (D:7)
  5 wights
  A bullfrog zombie (D:5)
  4 centaur zombies (D:7)
  3 hounds (D:5)
  2 jellies (D:6)
  An orc priest (D:7)
  A centaur skeleton (D:8)
  A bullfrog skeleton (D:6)
  Terence (D:3)
  An orc wizard (D:7)
  2 killer bee zombies
  A hound skeleton (D:4)
  5 adders
  2 shadow imps
  A white imp (D:3)
  3 ufetubi
  6 worms
  3 dart slugs
  19 orcs
  6 ball pythons
  2 endoplasms
  A giant cockroach (D:1)
  12 goblins
  6 hobgoblins
  8 jackals
  5 quokkas
  6 bats
  A frilled lizard zombie (D:7)
  23 kobolds
  3 kobold zombies (D:7)
  2 rats
166 creatures vanquished.

Vanquished Creatures (others)
  5 plants (D:7)
5 creatures vanquished.

Grand Total: 171 creatures vanquished

Notes
Turn   | Place    | Note
-------+----------+-------------------------------------------
     0 | D:1      | pkoi the Troll Monk began the quest for the Orb.
     0 | D:1      | Reached XP level 1. HP: 22/22 MP: 0/0
   106 | D:1      | Reached XP level 2. HP: 29/29 MP: 1/1
   300 | D:1      | Reached skill level 4 in Unarmed Combat
   540 | D:2      | Reached XP level 3. HP: 31/36 MP: 2/2
   798 | D:2      | Found a shimmering altar of Xom.
   820 | D:2      | Found a faded altar of an unknown god.
   833 | D:2      | Became a worshipper of Kikubaaqudgha
   833 | D:2      | Reached * piety under Kikubaaqudgha
   833 | D:2      | Received a gift from Kikubaaqudgha
   833 | D:2      | Reached ** piety under Kikubaaqudgha
   945 | D:2      | Reached XP level 4. HP: 40/44 MP: 3/3
  1082 | D:3      | Reached skill level 5 in Unarmed Combat
  1102 | D:3      | Noticed Terence
  1111 | D:3      | Killed Terence
  1231 | D:3      | Reached *** piety under Kikubaaqudgha
  1231 | D:3      | Received a gift from Kikubaaqudgha
  1554 | D:4      | Reached XP level 5. HP: 41/50 MP: 4/4
  1803 | D:4      | Noticed an ogre
  1813 | D:4      | Killed an ogre
  1814 | D:4      | Reached skill level 6 in Unarmed Combat
  2081 | D:5      | Entered Level 5 of the Dungeon
  2107 | D:5      | Noticed Prince Ribbit
  2117 | D:5      | Reached XP level 6. HP: 32/59 MP: 5/5
  2133 | D:5      | Killed Prince Ribbit
  2134 | D:5      | Reached skill level 7 in Unarmed Combat
  2191 | D:5      | Reached skill level 8 in Unarmed Combat
  2211 | D:5      | Reached XP level 7. HP: 58/66 MP: 6/6
  2218 | D:5      | Noticed Grinder
  2225 | D:5      | Killed Grinder
  2248 | D:5      | Reached **** piety under Kikubaaqudgha
  2249 | D:5      | Reached skill level 9 in Unarmed Combat
  2337 | D:5      | Found a staircase to the Ecumenical Temple.
  2346 | Temple   | Entered the Ecumenical Temple
  2411 | Temple   | Fell from the grace of Kikubaaqudgha
  2411 | Temple   | Became a worshipper of Ru the Awakened
  2528 | D:5      | Reached XP level 8. HP: 69/74 MP: 7/7
  2532 | D:5      | Found the ring of the Octopus King
  2538 | D:5      | Identified a ring of the Octopus King {MP+9 AC+1 EV+1 Str+1
                  | Int+1 Dex+1}
  2889 | D:6      | Reached skill level 10 in Unarmed Combat
  3098 | D:6      | Noticed a troll
  3111 | D:6      | Killed a troll
  3407 | D:6      | Reached skill level 11 in Unarmed Combat
  3429 | D:6      | Noticed Maggie
  3442 | D:6      | Killed Maggie
  3443 | D:6      | Reached XP level 9. HP: 14/83 MP: 8/8
  3624 | D:6      | Learned a level 1 spell: Apportation
  3694 | D:7      | Noticed Joseph
  3715 | D:7      | Killed Joseph
  4390 | D:7      | Gained mutation: You are missing an eye, making it more
                  | difficult to aim. [Ru sacrifice]
  4404 | D:7      | Reached skill level 12 in Unarmed Combat
  4741 | D:8      | Found a flagged portal.
  4751 | Bailey   | Entered a bailey
  5212 | Bailey   | Noticed an orc knight
  5221 | Bailey   | Killed an orc knight
  5222 | Bailey   | Reached XP level 10. HP: 66/94 MP: 9/9
  5237 | Bailey   | Noticed an orc knight
  5246 | Bailey   | HP: 3/94 [orc knight (14)]
  5251 | Bailey   | Demolished by an orc knight

Illustrated notes

Levels and vault maps discovered:
D:1:      saegor_arrival_simple_b, layout_rooms
D:2:      layout_basic, hellmonk_ecumenical_altar_lost_god, basic_altar
D:3:      layout_basic, serial_park_tiny_2, uniq_terence
D:4:      layout_basic
D:5:      layout_rooms, lemuel_temple_firewalk_b, kennysheep_nondescript,
          uniq_grinder, uniq_prince_ribbit1
D:6:      layout_basic, grunt_ministairs_5, uniq_maggie
D:7:      layout_basic, st_stairs_8, serial_bayou_pond_c, uniq_joseph
D:8:      layout_loops_cross, grunt_temple_overflow_open, enter_bailey_5
Temple:   cyrus_circular_temple
Bailey:   bailey_axe_1, bailey

Skill      XL: |  1  2  3  4  5  6  7  8  9 |
---------------+----------------------------+-----
Unarmed Combat | 4 5 6 8 9 11 12 | 12.4
Fighting       | 3 4 |  4.9
Dodging        | 3 4 |  4.9
Stealth        | |  1.0

Action                   |  1- 3 |  4- 6 |  7- 9 | 10-12 || total
-------------------------+-------+-------+-------+-------++-------
Melee: Unarmed           |    78 |   121 |   265 |    22 ||   486
       Punch             |     1 |     2 |     9 |     2 ||    14
Throw: Dart              |       |     4 |    57 |       ||    61
       Boomerang         |       |       |    63 |       ||    63
 Cast: Apportation       |       |       |    26 |       ||    26
Invok: Sacrifice an Eye  |       |       |     1 |       ||     1
  Use: Scroll            |     2 |       |    11 |       ||    13
       Potion            |       |       |     1 |     1 ||     2
 Stab: Sleeping          |       |     2 |     1 |       ||     3
Armor: Robe              |    31 |    40 |    24 |       ||    95
       Acid dragon scale |       |       |   178 |     5 ||   183
Dodge: Dodged            |    37 |    46 |   251 |     5 ||   339
